 Dungeon Crawl Stone Soup version 0.28.0-45-g0d030f2227 (webtiles) character file.

Game seed: 6547772440170915225

29 protoss039 the Digger (level 3, 26/26 HPs)
             Began as a Demonspawn Earth Elementalist on May 30, 2022.
             Got out of the dungeon alive.
             The game lasted 00:02:42 (1945 turns).

protoss039 the Digger (DsEE)                        Turns: 1945, Time: 00:02:43

Health: 26/26      AC:  4    Str:  8    XL:     3   Next: 1%
Magic:  6/6        EV: 12    Int: 18    God:
Gold:   21         SH:  0    Dex: 13    Spells: 3/6 levels left

rFire   . . .      SeeInvis .   g - +0 spear
rCold   . . .      Faith    .   (no shield)
rNeg    . . .      Spirit   .   b - +0 robe
rPois   .          Reflect  .   (helmet restricted)
rElec   .          Harm     .   (no cloak)
rCorr   .          Rampage  .   (no gloves)
Will    .....                   (no boots)
Stlth   ++........              (no amulet)
HPRegen 0.08/turn               (no ring)
MPRegen 0.10/turn               (no ring)

@: no status effects
A: antennae 1, icy blue scales 1
a: no special abilities


You escaped.
You visited 1 branch of the dungeon, and saw 2 of its levels.

You collected 21 gold pieces.

Inventory:

Hand Weapons
 g - a +0 spear (weapon)
Missiles
 c - 39 stones
Armour
 b - a +0 robe (worn)
Wands
 a - a wand of paralysis (10)
Scrolls
 d - 3 scrolls of identify {unknown}
 e - a scroll of teleportation {unknown}
 f - a scroll of enchant weapon {unknown}


   Skills:
 * Level 1.5 Fighting
 + Level 0.9 Armour
 - Level 1.7 Dodging
 - Level 1.7 Stealth
 + Level 2.2 Spellcasting
 - Level 1.0 Transmutations
 + Level 2.9 Earth Magic


You had 3 spell levels left.
You knew the following spells:

 Your Spells              Type           Power      Damage    Failure   Level
a - Sandblast             Erth           24%        2d8       5%          1
b - Passwall              Tmut/Erth      7%         N/A       12%         2

Your spell library contained the following spells:

 Spells                   Type           Power      Damage    Failure   Level
 Stone Arrow              Conj/Erth      14%        3d7       28%         3
 Confusing Touch          Hex            2%         N/A       47%         3
 Petrify                  Tmut/Erth      9%         N/A       61%         4
 Animate Dead             Necr           1%         N/A       87%         4
 Borgnjor's Vile Clutch   Necr/Erth      3%         N/A       95%         5
 Yara's Violent Unravell  Hex/Tmut       1%         3d3       99%         5
 Death Channel            Necr           1%         N/A       100%        6
 Enfeeble                 Hex            1%         N/A       100%        7


Dungeon Overview and Level Annotations

Branches:
Dungeon (2/15)

Altars:


Innate Abilities, Weirdness & Mutations

You have a pair of small antennae on your head.
You are partially covered in icy blue scales. (AC +2)


Message History

Unknown command.
You closely miss the hobgoblin.
The hobgoblin is lightly wounded.
The hobgoblin barely misses you.
Unknown command.
You hit the hobgoblin.
The hobgoblin is severely wounded.
The hobgoblin hits you but does no damage.
You hit the hobgoblin but do no damage.
The hobgoblin is severely wounded.
The hobgoblin hits you.
Unknown command.
You closely miss the hobgoblin.
The hobgoblin is severely wounded.
The hobgoblin closely misses you.
Unknown command.
You barely miss the hobgoblin.
The hobgoblin is severely wounded.
The hobgoblin hits you.
Unknown command.
You hit the hobgoblin.
You kill the hobgoblin!
You have reached level 3!
Your experience leads to an increase in your attributes!
Increase (S)trength, (I)ntelligence, or (D)exterity?
You feel clever. x2; Your demonic ancestry asserts itself...
A pair of antennae grows on your head!
Unknown command.
Unknown command.
You see here 3 poisoned darts.
There is a stone staircase leading up here.
You climb upwards.
There is a stone staircase leading down here.
You can't go up here!
You open the door.
There is an open door here.
HP restored.
There is a staircase leading out of the dungeon here.
Are you sure you want to leave the Dungeon?
This will make you lose the game!
You have escaped!

.#.....################.>..####
..............................#
.#..#..####...###.#####....##.#
....#.......#.'.#.# #......##.#
....#.##..#####.#.###......##.#
..............#.#.#........##.#
.#....#...###.#.#..........##.#
....#.##.##
#.#.##...#....###.## .##.#.#..#
#.'.@#..⌠..>.......##
.##.#.#.##
#.#.##..)#..#.###...# ♣##.#.#.#
#.#.##......#.[##.#.# ♣##.#.#.#
#.#.##....#.##.##.#.# ..#.#.#.#
#.#.##....#.##..#.... ♣.#.#.#.#
#.+.##.###..###.#.... ♣...#.#.#
#.####.............#. #####.#.#
##....#..########..##.
......#.#
#.....................


There were no monsters in sight!

Vanquished Creatures
  2 endoplasms (D:1)
  4 giant cockroaches (D:1)
  4 hobgoblins
  3 jackals (D:1)
  A quokka (D:1)
  A ball python (D:1)
  4 bats
  3 kobolds (D:1)
  4 rats
26 creatures vanquished.

Vanquished Creatures (others)
  4 plants (D:1)
4 creatures vanquished.

Grand Total: 30 creatures vanquished

Notes
Turn   | Place    | Note
-------+----------+-------------------------------------------
     0 | D:1      | protoss039 the Demonspawn Earth Elementalist began the
                  | quest for the Orb.
     0 | D:1      | Reached XP level 1. HP: 13/13 MP: 3/3
   106 | D:1      | Reached skill level 1 in Transmutations
   491 | D:1      | Gained mutation: You are partially covered in icy blue
                  | scales. (AC +2) [demonic ancestry]
   491 | D:1      | Reached XP level 2. HP: 20/20 MP: 0/5
   498 | D:1      | Reached skill level 1 in Fighting
  1603 | D:2      | Learned a level 2 spell: Passwall
  1898 | D:2      | Gained mutation: You have a pair of small antennae on your
                  | head. [demonic ancestry]
  1898 | D:2      | Reached XP level 3. HP: 22/26 MP: 6/6
  1945 | D:$      | Got out of the dungeon alive.

Illustrated notes

Levels and vault maps discovered:
D:1:      minmay_arrival_three_doors, layout_basic, serial_forest,
          infiniplex_forest_straight_3, infiniplex_forest_straight_2,
          infiniplex_forest_lined_room_2, infiniplex_forest_clump_diagonal,
          infiniplex_forest_clump_curved, infiniplex_forest_clump_curved,
          infiniplex_forest_straight_4, hangedman_feature_mirror,
          minmay_misc_feat_diagonals
D:2:      layout_basic, kennysheep_decorative_pillar, minivault_4, st_stairs_8,
          minivault_11

Skill      XL: |  1  2 |
---------------+-------+-----
Transmutations | 1 |  1.0
Fighting       | 1 |  1.5
Armour         | |  0.9
Dodging        | |  1.7
Stealth        | |  1.7
Spellcasting   | |  2.2
Earth Magic    | |  2.9

Action                   || total
-------------------------++-------
Melee: Dagger            ||   106
       Spear             ||    13
       Punch             ||     1
 Cast: Sandblast         ||    20
 Stab: Sleeping          ||     3
Armor: Robe              ||    70
Dodge: Dodged            ||   108
